 Dungeon Crawl Stone Soup version 0.20-a0-222-gb69ddcd (webtiles) character file.

2297 Lochraine the Covert (level 9, -2/68 HPs)
             Began as a Vampire Assassin on Nov 29, 2016.
             Was a Follower of Kikubaaqudgha.
             Killed by divine providence
             ... invoked by an orc priest
              (12 damage)
             ... on level 7 of the Dungeon.
             The game lasted 00:27:35 (5976 turns).

Lochraine the Covert (Vampire Assassin)             Turns: 5976, Time: 00:27:36

Health: -2/68      AC:  8    Str: 13    XL:     9   Next: 17%
Magic:  6/9        EV: 15    Int: 17    God:    Kikubaaqudgha [*.....]
Gold:   189        SH:  8    Dex: 19    Spells: 5/8 levels left

rFire  + + .     SeeInvis +     a - +3 short sword (venom)
rCold  + . .     Gourm    .     A - +0 robe {rF+}
rNeg   . . .     Faith    .     s - +0 buckler
rPois  +         Spirit   .     (no helmet)
rElec  +         Reflect  +     d - +1 cloak
rCorr  +         Harm     .     C - +0 pair of gloves
MR     +....                    D - +0 pair of boots
Stlth  +++++.....               H - +4 amulet of reflection
                                x - ring of protection from magic
                                B - +3 ring of strength

@: exhausted, resistant, very slightly contaminated, regenerating quickly,
hasted and slowed
A: fangs 3, slimy green scales 1, thin skeletal structure 1, see invisible,
agile 1, clever 1, weak 1, unbreathing
a: Receive Corpses, Renounce Religion


You were on level 7 of the Dungeon.
You worshipped Kikubaaqudgha.
Kikubaaqudgha was aware of your devotion.
You were full.

You visited 2 branches of the dungeon, and saw 8 of its levels.

You collected 261 gold pieces.
You spent 72 gold pieces at shops.

Inventory:

Hand Weapons
 a - a +3 short sword of venom (weapon)
 b - a +0 blowgun
 k - a +2 dagger
 O - a +0 trident
Missiles
 e - 12 poisoned needles
 L - 2 curare-tipped needles
Armour
 c - a +0 robe
 d - a +1 cloak (worn)
 f - a +0 ring mail
 s - a +0 buckler (worn)
 A - a +0 robe of fire resistance (worn)
 C - a +0 pair of gloves (worn)
 D - a +0 pair of boots (worn)
 M - a +2 scale mail of magic resistance
Jewellery
 m - an uncursed ring of resist corrosion
 u - a cursed ring of teleportation {unknown}
 x - a ring of protection from magic (right hand)
 B - a +3 ring of strength (left hand)
 H - a +4 amulet of reflection (around neck)
 J - an uncursed amulet of rage {unknown}
Scrolls
 j - a scroll of enchant weapon
 n - 4 scrolls of remove curse
 p - 2 scrolls of amnesia
 E - 3 scrolls of identify
Potions
 g - 7 potions of blood
 h - a potion of flight
 I - 2 potions of brilliance
 N - 2 potions of berserk rage
Books
 o - Kikubaaqudgha's Guide on Necromancy
   (Kikubaaqudgha gifted it to you on level 6 of the Dungeon)

   Spells                             Type                      Level
   a - Animate Skeleton               Necromancy                   1
   b - Corpse Rot                     Necromancy                   2
   c - Sublimation of Blood           Necromancy                   2
   d - Regeneration                   Charms/Necromancy            3
   e - Control Undead                 Necromancy                   4


   Skills:
 - Level 5.0 Fighting
 + Level 5.5 Short Blades
 - Level 4.7 Throwing
 - Level 2.0 Armour
 - Level 5.4 Dodging
 - Level 9.9 Stealth
 + Level 1.3 Shields
 * Level 2.9 Necromancy


You had 5 spell levels left.
You knew the following spells:

 Your Spells              Type           Power        Failure   Level  Hunger
a - Animate Skeleton      Necr           N/A          12%         1    ##.....
b - Corpse Rot            Necr           N/A          17%         2    ###....


Dungeon Overview and Level Annotations

Branches:
Dungeon (7/15)             Temple (1/1) D:5

Altars:
Ashenzari
Cheibriados
Dithmenos
Fedhas
Hepliaklqana
Kikubaaqudgha
Makhleb
Qazlal
Ru
Sif Muna
Trog
Uskayaw
Vehumet
Zin

Shops:
D:6 [*:

Annotations:
D:5 KristoblXynda's ghost, novice OpVM


Innate Abilities, Weirdness & Mutations

Your natural rate of healing is unusually fast.
You have razor-sharp teeth.
You have supernaturally acute eyesight. (SInv)
You can survive without breathing.
You are partially covered in slimy green scales. (AC +2)
You have a somewhat thin skeletal structure. (Dex +2, Stealth)
You are agile. (Dex +2)
Your mind is acute. (Int +2)
You are weak. (Str -2)


Message History

You block the jackal's attack. The orc hits you with a mace!
* * * LOW HITPOINT WARNING * * *
The jackal barks!
Unknown command.
Okay, then.
Unknown command.
Kikubaaqudgha delivers you corpses!
You feel somewhat less full. You block the jackal's attack.
The orc barely misses you. The jackal bites you.
* * * LOW HITPOINT WARNING * * *
Okay, then.
Use e to drain blood from corpses.
Okay, then.
Unknown command.
You hit the orc.
The orc is heavily wounded.
The orc priest invokes the aid of Beogh against you.
Beogh smites you!
You die...
Kikubaaqudgha rasps: "You have failed me!
Welcome... oblivion!"

#.# #o# #)# #.#
###)#########)####
......%%...%.....#
#)####.#########%#
#.# #.# #.# ..#
#.# #o# ### #.#
#o# #.# #@# #.#
#h# #.# #.# #.#
#.# #h# ..# ..#
...


You could see an orc priest, an orc and 2 jackals.

Vanquished Creatures
  Pikel (D:5)
  Prince Ribbit (D:5)
  Edmund (D:5)
  Duvessa (D:5)
  2 ogres (D:5)
  A centaur (D:7)
  2 phantoms
  A bullfrog (D:7)
  Dowan (D:5)
  A scorpion (D:4)
  A jelly (D:5)
  4 wights (D:7)
  2 howler monkeys
  A crimson imp (D:4)
  2 hounds
  2 orc priests (D:6)
  2 orc wizards
  An iguana (D:7)
  4 worker ants
  A hound zombie (D:6)
  6 adders
  4 gnolls (D:4)
  2 worms (D:2)
  2 dart slugs (D:2)
  2 leopard geckos (D:5)
  18 orcs
  A ball python (D:4)
  11 bats
  5 giant cockroaches
  13 goblins
  5 hobgoblins
  9 jackals
  9 kobolds
  4 quokkas
  4 frilled lizards
  A jackal skeleton (D:4)
  A jackal zombie (D:5)
  A leopard gecko skeleton (D:4)
  A quokka skeleton (D:3)
  A quokka zombie (D:6)
  6 rats
138 creatures vanquished.

Vanquished Creatures (others)
  2 slaves
  An orc wizard (D:7)
  A gnoll (D:6)
4 creatures vanquished.

Grand Total: 142 creatures vanquished

Notes
Turn   | Place    | Note
-------+----------+-------------------------------------------
     0 | D:1      | Lochraine the Vampire Assassin began the quest for the Orb.
     0 | D:1      | Reached XP level 1. HP: 16/16 MP: 1/1
   106 | D:1      | Reached XP level 2. HP: 21/22 MP: 2/2
   490 | D:2      | Reached XP level 3. HP: 27/27 MP: 3/3
   515 | D:2      | Found a shadowy altar of Dithmenos.
   690 | D:2      | Reached skill level 6 in Stealth
  1188 | D:3      | Found a deep blue altar of Sif Muna.
  1251 | D:3      | Reached XP level 4. HP: 33/33 MP: 4/4
  2373 | D:4      | Reached XP level 5. HP: 39/39 MP: 5/5
  2518 | D:4      | Noticed a phantom
  2574 | D:5      | Entered Level 5 of the Dungeon
  2574 | D:5      | Noticed KristoblXynda's ghost (novice OpVM)
  2610 | D:5      | Noticed Edmund
  2649 | D:5      | Killed Edmund
  2649 | D:5      | Reached skill level 7 in Stealth
  2649 | D:5      | Reached XP level 6. HP: 46/46 MP: 6/6
  2749 | D:5      | Found a shattered altar of Ashenzari.
  2803 | D:5      | Noticed Prince Ribbit
  2845 | D:5      | Killed Prince Ribbit
  2845 | D:5      | Reached XP level 7. HP: 28/52 MP: 7/7
  2923 | D:5      | Found a staircase to the Ecumenical Temple.
  2930 | Temple   | Entered the Ecumenical Temple
  3105 | Temple   | Became a worshipper of Kikubaaqudgha
  3650 | D:5      | Noticed Pikel
  3665 | D:5      | Reached skill level 8 in Stealth
  3797 | D:5      | Noticed Duvessa
  3811 | D:5      | Noticed Dowan
  3816 | D:5      | Killed Duvessa
  3859 | D:5      | Killed Dowan
  3952 | D:5      | Gained mutation: You have a somewhat thin skeletal structure. (Dex +2, Stealth) [potion of mutation]
  3952 | D:5      | Gained mutation: You are weak. (Str -2) [potion of mutation]
  3952 | D:5      | Gained mutation: You are agile. (Dex +2) [potion of mutation]
  4203 | D:5      | Reached XP level 8. HP: 51/60 MP: 8/8
  4520 | D:5      | Killed Pikel
  4520 | D:5      | Reached skill level 1 in Armour
  4520 | D:5      | Reached skill level 5 in Dodging
  4520 | D:5      | Reached skill level 9 in Stealth
  5222 | D:6      | Reached skill level 5 in Short Blades
  5235 | D:6      | Reached skill level 5 in Fighting
  5249 | D:6      | Reached * piety under Kikubaaqudgha
  5249 | D:6      | Identified Kikubaaqudgha's Guide on Necromancy (Kikubaaqudgha gifted it to you on level 6 of the Dungeon)
  5249 | D:6      | Received a gift from Kikubaaqudgha
  5264 | D:6      | Found Sutaesk's Book Shoppe.
  5577 | D:5      | Learned a level 1 spell: Animate Skeleton
  5580 | D:5      | Learned a level 2 spell: Corpse Rot
  5608 | D:6      | Found Cehepsai's Assorted Antiques.
  5633 | D:6      | Found Bumeneniy's Armour Boutique.
  5651 | D:6      | Bought a scroll of identify for 50 gold pieces
  5651 | D:6      | Bought a sedimented blue potion for 22 gold pieces
  5692 | D:7      | Reached skill level 1 in Necromancy
  5692 | D:7      | Reached XP level 9. HP: 56/68 MP: 9/9
  5891 | D:7      | Reached skill level 1 in Shields
  5961 | D:7      | HP: 2/102 [cloud of flame (5)]
  5974 | D:7      | Gained mutation: You are partially covered in slimy green scales. (AC +2) [potion of mutation]
  5974 | D:7      | Gained mutation: Your mind is acute. (Int +2) [potion of mutation]
  5976 | D:7      | Killed from afar by an orc priest

Vault maps used:
D:1:      dpeg_arrival_houses_and_road
D:2:      grunt_dithmenos_smoke
D:3:      led_sif_pool
D:4:      first_bread
D:5:      ashenzari_conservatory_becter, uniq_prince_ribbit1, uniq_pikel,
          uniq_duvessa, uniq_edmund
D:6:      kennysheep_ying_yang, serial_shops, nicolae_shop_overgrown_old_shop,
          nicolae_shop_crystal, shop, nicolae_shop_waterfront
D:7:      the_bakery
Temple:   minmay_temple_forest_path

Skill      XL: |  1  2  3  4  5  6  7  8  9 |
---------------+----------------------------+-----
Fighting       | 2 3 4 5 |  5.0
Throwing       | 2 3 4 |  4.7
Dodging        | 2 3 4 5 |  5.4
Stealth        | 6 7 8 9 |  9.9
Short Blades   | 3 4 5 |  5.5
Armour         | 2 |  2.0
Necromancy     | 1 2 |  2.9
Shields        | 1 |  1.3

Action                   |  1- 3 |  4- 6 |  7- 9 || total
-------------------------+-------+-------+-------++-------
Melee: Dagger            |   118 |   150 |    95 ||   363
       Bite              |     8 |     7 |    46 ||    61
       Trident           |       |       |    51 ||    51
       Short sword       |       |       |   191 ||   191
       Unarmed           |       |       |    10 ||    10
 Fire: Blowgun           |     4 |    21 |    21 ||    46
Invok: Receive Corpses   |       |       |     1 ||     1
 Abil: End Transformatio |       |       |     1 ||     1
       Bat Form          |       |       |     1 ||     1
  Use: Potion            |     8 |     8 |    29 ||    45
       Scroll            |       |     3 |    12 ||    15
 Stab: Sleeping          |    14 |     7 |     2 ||    23
       Distracted        |     1 |       |     4 ||     5
       Invisible         |       |       |     2 ||     2
       Confused          |       |       |     1 ||     1
Armor: Robe              |    22 |    22 |    19 ||    63
       Ring mail         |       |       |    15 ||    15
       Scale mail        |       |       |    71 ||    71
Dodge: Dodged            |    57 |    78 |   169 ||   304
Block: Other             |       |     2 |    16 ||    18
       Buckler           |       |       |    83 ||    83
       Reflection        |       |       |     3 ||     3
